cohdb
Replays
Latest Replays
All Replays
Popular Replays
Top Player Replays
Match Explorer
How It Works
Community
CoH3 Stats
Reddit
Sign in to upload your games and track your stats! →
Sign in with Steam
Match 38803587
Unlisted
Match 38803587
Overview
Messages
Build Orders
End
Construct Barracks
Engineer Squad
Riflemen Squad
Construct Weapon Support Center
Riflemen Squad
Riflemen Squad
Infantry Support Center
Construct Medical Station
Selects Special Operations Battlegroup
Selects M29 Weasel with M1 Pack Howitzer
M29 Weasel with M1 Pack Howitzer
Construct Tank Depot
M4(105) Sherman Bulldozer
M1918 Browning Automatic Rifles
M4A1 Sherman Medium Tank
Selects Raiding Flares
Raiding Flares
XuZhongwei
40k토탈워isDream
0
0
Comments
sign in to comment!
No comments posted yet!